 Dungeon Crawl Stone Soup version 0.29-a0-323-g050149af67 (webtiles) character file.

Game seed: 6480715321119500056

128 zishaf the Charlatan (level 5, 0/32 HPs)
             Began as a Kobold Artificer on Apr 11, 2022.
             Slain by an orc
             ... wielding a +0 flail
              (7 damage)
             ... on level 3 of the Dungeon.
             The game lasted 00:04:01 (2390 turns).

zishaf the Charlatan (Kobold Artificer)             Turns: 2390, Time: 00:04:02

Health: 0/32       AC:  5    Str:  9    XL:     5   Next: 33%
Magic:  5/5        EV: 13    Int: 12    God:
Gold:   90         SH:  0    Dex: 18    Spells: 4/4 levels left

rFire   . . .      SeeInvis .   a - +1 dagger (elec)
rCold   . . .      Faith    .   (no shield)
rNeg    . . .      Spirit   .   g - +0 ring mail
rPois   .          Reflect  .   (no helmet)
rElec   .          Harm     .   (no cloak)
rCorr   .          Rampage  .   (no gloves)
Will    .....                   (no boots)
Stlth   +++.......              (no amulet)
HPRegen 0.10/turn               (no ring)
MPRegen 0.09/turn               (no ring)

@: no status effects
A: small, no large weapons, nightstalker 3
a: no special abilities


You were on level 3 of the Dungeon.
You visited 1 branch of the dungeon, and saw 3 of its levels.

You collected 90 gold pieces.

Inventory:

Hand Weapons
 a - a +1 dagger of electrocution (weapon)
 b - a +0 hunting sling
Armour
 g - a +0 ring mail (worn)
 q - a +0 leather armour
Wands
 c - a wand of flame (8) (quivered)
 d - a wand of charming (12)
 e - a wand of iceblast (9)
Scrolls
 h - 4 scrolls of identify {unknown}
 i - a scroll of amnesia {unknown}
 j - a scroll of enchant armour {unknown}
 k - a scroll of silence {unknown}
 l - a scroll of fog {unknown}
Potions
 f - 3 potions of heal wounds
 m - 2 potions of flight {unknown}
 n - 2 potions of might {unknown}
 o - a potion of curing {unknown}
 p - a potion of degeneration {unknown}
 r - a potion of attraction {unknown}


   Skills:
 + Level 3.0 Fighting
 + Level 2.6 Short Blades
 - Level 1.0 Armour
 - Level 3.0 Dodging
 - Level 2.0 Stealth
 + Level 4.7 Evocations


You had 4 spell levels left.
You didn't know any spells.
Your spell library was empty.

Dungeon Overview and Level Annotations

Branches:
Dungeon (3/15)

Altars:


Innate Abilities, Weirdness & Mutations

You are small and have problems with some larger weapons.
You are completely attuned to the shadows.


Message History

The orc closely misses you. The orc barely misses you.
You hit the orc but do no damage.
The orc is moderately wounded.
The orc closely misses you.
You hit the orc.
The orc is heavily wounded.
You closely miss the orc.
The orc is heavily wounded.
The orc hits you with a +0 flail. The orc hits you but does no damage.
You hit the orc but do no damage.
The orc is heavily wounded.
The orc barely misses you.
The orc hits you with a +1 dagger of speed.
The orc hits you but does no damage.
The orc hits you with a +1 dagger of speed.
You are too injured to fight recklessly!
You are too injured to fight recklessly!
You are too injured to fight recklessly!
The orc attacks as you move away! The orc barely misses you.
The orc attacks as you move away! The orc misses you.
The orc completely misses you. The orc attacks as you move away!
The orc barely misses you. The orc attacks as you move away!
The orc completely misses you. The orc attacks as you move away!
The orc hits you with a +0 flail.
* * * LOW HITPOINT WARNING * * *
You barely miss the orc.
The orc is heavily wounded.
The orc closely misses you.
An orc opens the door.
You hit the orc but do no damage.
The orc is heavily wounded.
The orc closely misses you.
You barely miss the orc.
The orc is heavily wounded.
The orc hits you with a +0 dagger.
* * * LOW HITPOINT WARNING * * *
The orc closely misses you.
You hit the orc but do no damage.
The orc is heavily wounded.
The orc hits you with a +0 flail!
You die...

########## #
#.....)...
..#......#
....o#####
#.##.'... +..
#o##### #####.#
#.o@..#####.....#
#####........##.#
###..###....#
#.## ####.# #.#
#.# #.# #.# ...
#.# ### #.####
#.....


You could see 2 orcs.

Vanquished Creatures
  Terence (D:2)
  Robin (D:2)
  3 adders (D:2)
  A gnoll (D:1)
  An ufetubus (D:2)
  2 orcs (D:3)
  3 endoplasms (D:2)
  A giant cockroach (D:2)
  7 goblins (D:2)
  3 hobgoblins
  2 jackals (D:1)
  2 quokkas (D:2)
  8 ball pythons
  5 bats
  2 frilled lizards
  5 kobolds
  3 rats
50 creatures vanquished.

Vanquished Creatures (collateral kills)
  A goblin (D:2)
1 creature vanquished.

Vanquished Creatures (others)
  An adder (D:2)
1 creature vanquished.

Grand Total: 52 creatures vanquished

Notes
Turn   | Place    | Note
-------+----------+-------------------------------------------
     0 | D:1      | zishaf the Kobold Artificer began the quest for the Orb.
     0 | D:1      | Reached XP level 1. HP: 12/12 MP: 1/1
    31 | D:1      | Reached skill level 1 in Armour
    31 | D:1      | Reached XP level 2. HP: 16/16 MP: 2/2
   796 | D:1      | Reached skill level 4 in Evocations
   861 | D:1      | Reached XP level 3. HP: 20/20 MP: 3/3
  1277 | D:2      | Noticed Robin
  1289 | D:2      | Killed Robin
  1290 | D:2      | Reached skill level 1 in Short Blades
  1293 | D:2      | Noticed Terence
  1561 | D:2      | Reached XP level 4. HP: 26/26 MP: 4/4
  1649 | D:2      | Killed Terence
  1656 | D:2      | HP: 1/26 [adder (1)]
  1947 | D:2      | Reached XP level 5. HP: 29/31 MP: 5/5
  2390 | D:3      | Slain by an orc

Illustrated notes

Levels and vault maps discovered:
D:1:      pf_arrival_petrified_forest, layout_loops_ring,
          chequers_serial_rivers_large_a, kennysheep_decorative_pillar
D:2:      layout_loops_ring, uniq_terence, uniq_robin
D:3:      layout_loops_ring, mainiacjoe_overflow_two_lobes, minitemple,
          mainiacjoe_overflow_surrounded_room

Skill      XL: |  1  2  3  4  5 |
---------------+----------------+-----
Armour         | 1 |  1.0
Stealth        | 2 |  2.0
Evocations     | 4 |  4.7
Dodging        | 3 |  3.0
Fighting       | 2 3 |  3.0
Short Blades   | 1 2 |  2.6

Action                   |  1- 3 |  4- 6 || total
-------------------------+-------+-------++-------
Melee: Club              |    35 |       ||    35
       Short sword       |    52 |     9 ||    61
       Dagger            |       |    67 ||    67
 Fire: Hunting sling     |       |     1 ||     1
Evoke: Wand              |    10 |       ||    10
  Use: Potion            |       |     1 ||     1
 Stab: Sleeping          |     7 |     5 ||    12
Armor: Ring mail         |    31 |    18 ||    49
Dodge: Dodged            |    66 |    46 ||   112

Table legend: (Time is in decaauts)
 A = Elapsed time spent in this place.
 B = Non-inter-level travel time spent in this place.
 C = Inter-level travel time spent in this place.
 D = Time resting spent in this place.
 E = Time spent auto-exploring this place.
 F = Levels seen in this place.
 G = Mean time per level.
                   A        B        C        D        E       F      G
               +--------+--------+--------+--------+--------+-----+--------+
         Total |   2410 |   2278 |    132 |    457 |   1378 |   3 |  803.3 |
       Dungeon |   2410 |   2278 |    132 |    457 |   1378 |   3 |  803.3 |
               +--------+--------+--------+--------+--------+-----+--------+

Top non-repeatable levels by time:
     D:1: 1459 daAuts
     D:2: 866 daAuts
     D:3: 85 daAuts
